 Dungeon Crawl Stone Soup version 0.20-a0-301-g264e157 (webtiles) character file.

28 Junicave the Digger (level 3, -2/21 HPs)
             Began as an Octopode Earth Elementalist on Dec 16, 2016.
             Slain by an orc
             ... wielding a +0 dagger
              (3 damage)
             ... on level 1 of the Dungeon.
             The game lasted 00:05:25 (2162 turns).

Junicave the Digger (Octopode Earth Elementalist)   Turns: 2162, Time: 00:05:26

Health: -2/21      AC:  1    Str:  7    XL:     3   Next: 14%
Magic:  2/7        EV: 13    Int: 18    God:
Gold:   64         SH:  0    Dex: 12    Spells: 4/8 levels left

rFire  . . .     SeeInvis .     f - +0 short sword
rCold  . . .     Gourm    .     (no shield)
rNeg   . . .     Faith    .     g - +0 hat
rPois  .         Spirit   .     (no amulet)
rElec  .         Reflect  .     (no ring)
rCorr  .         Harm     .     (no ring)
MR     .....                    (no ring)
Stlth  +++.......               (no ring)
                                (no ring)
                                (no ring)
                                (no ring)
                                (no ring)

@: very slightly contaminated, slowed, very slow
A: almost no armour, stealthy swim, amphibious, 8 rings, constrict 8, camouflage
1, gelatinous body 1
a: no special abilities


You were on level 1 of the Dungeon.
You were not hungry.

You visited 1 branch of the dungeon, and saw 1 of its levels.

You collected 64 gold pieces.

Inventory:

Hand Weapons
 f - a +0 short sword (weapon)
Missiles
 b - 47 stones (quivered)
Armour
 g - a +0 hat (worn)
Scrolls
 e - a scroll of fear {unknown}
 j - a scroll of enchant armour {unknown}
Books
 d - a book of Geomancy

   Spells                             Type                      Level
   a - Sandblast                      Earth                        1
   b - Passwall                       Transmutation/Earth          2
   c - Stone Arrow                    Conjuration/Earth            3
   d - Petrify                        Transmutation/Earth          4
   e - Lee's Rapid Deconstruction     Earth                        5
Comestibles
 a - 3 fruits
 c - a bread ration
 h - a meat ration
 i - 8 chunks of flesh


   Skills:
 + Level 2.0 Dodging
 - Level 2.6 Stealth
 * Level 3.0 Spellcasting
 + Level 0.0 Conjurations
   Level 1.0 Transmutations
 + Level 3.3 Earth Magic


You had 4 spell levels left.
You knew the following spells:

 Your Spells              Type           Power        Failure   Level  Hunger
a - Sandblast             Erth           ##....       4%          1    None
b - Stone Arrow           Conj/Erth      #.....       30%         3    ###....


Dungeon Overview and Level Annotations

Branches:
Dungeon (1/15)

Altars:


Innate Abilities, Weirdness & Mutations

You cannot wear most types of armour.
You are very stealthy in the water. (Stealth+)
You are amphibious.
You can wear up to eight rings at the same time.
You can use your tentacles to constrict eight enemies at once.
Your skin changes colour to match your surroundings (Stealth+).
Your rubbery body absorbs attacks. (AC +1, EV +1)


Message History

Aim: an orc wizard, wielding a dagger and wearing a robe (moderately wounded)
The blast of sand hits the orc wizard.
The orc wizard is moderately wounded.
The orc wizard barely misses you. The orc wizard hits you with a dagger.
* * * LOW HITPOINT WARNING * * *
You hit the orc wizard. You grab the orc wizard.
The orc wizard is moderately wounded.
You constrict the orc wizard, but do no damage.
The orc wizard hits you with a dagger.
* * * LOW HITPOINT WARNING * * *
You barely miss the orc wizard.
The orc wizard is moderately wounded.
You constrict the orc wizard, but do no damage.
The orc wizard escapes!
The orc wizard hits you but does no damage.
You hit the orc wizard but do no damage.
Your grab misses the orc wizard.
The orc wizard is moderately wounded.
The orc hits you with a dagger.
You die...

**,,,,,,,,,,,,,,,**,,,,,,,*****
*,,,,,,,,,,,,,,*,**,**,,,,,**,,
*,,,,,,,,,,,,,,*,*,,,#,**,,**,*
*,,,,,,,,,,,,,,*,***.#,*,,,,,,,
***,**,,******,,**,,,...,**,,**,,
,,*,*,,,******,,*###..,,,,,,,,,,,
*,*,*,,,,,,,,,,,,o..,,,***,,,,,,*
,,,,*,,,###.#####o#*,,,***,,[,,,*
,...,...#.......@o#*,,..,,,,,,,**
*#..........(.##).##....**,,**,**
.#...#..#.######........*,,,,,,,,
.#...#..#.# #.....##.#..,,,,*,,**
.....#..#.# #.##..#*,#*,*,*,*,,,)
.#....).#.###.##..#*,**,*,*,*,***
..........#.......#*,**,*,*,*,*
..........#..######...,,,,,,*,***
.......#..#..........#*,,,,,,,,,,


You could see an orc wizard and 2 orcs.

Vanquished Creatures
  A leopard gecko (D:1)
  2 orcs (D:1)
  2 giant cockroaches (D:1)
  2 goblins (D:1)
  A hobgoblin (D:1)
  3 jackals (D:1)
  3 kobolds (D:1)
  2 bats (D:1)
  4 frilled lizards (D:1)
  4 rats (D:1)
24 creatures vanquished.

Notes
Turn   | Place    | Note
-------+----------+-------------------------------------------
     0 | D:1      | Junicave the Octopode Earth Elementalist began the quest for the Orb.
     0 | D:1      | Reached XP level 1. HP: 11/11 MP: 3/3
   300 | D:1      | Reached XP level 2. HP: 13/17 MP: 0/5
  1978 | D:1      | Reached XP level 3. HP: 21/21 MP: 4/7
  1983 | D:1      | Learned a level 3 spell: Stone Arrow
  2160 | D:1      | HP: 1/21 [orc wizard/dagger (5)]
  2162 | D:1      | Slain by an orc

Vault maps used:
D:1:      dpeg_arrival_connections

Skill      XL: |  1  2 |
---------------+-------+-----
Spellcasting   | 3 |  3.0
Dodging        | |  2.0
Stealth        | |  2.6
Transmutations | |  1.0
Earth Magic    | |  3.3

Action                   || total
-------------------------++-------
Melee: Short sword       ||    25
       Unarmed           ||     1
       Constrict         ||     8
       Tentacles         ||     3
 Cast: Sandblast         ||    30
 Stab: Sleeping          ||     3
  Eat: Chunk             ||     4
Armor: Skin              ||     2
Dodge: Dodged            ||    30
